Map: Post-Youth LE

Players

azzy

  • Race: Terran Terran
  • League: Gold
  • Spawn Location: 1:00

MasterFunk - Winner!

  • Race: Terran Terran
  • League: Platinum
  • Spawn Location: 7:00

VOD

Have the link to the VOD?

Description

Mirror TvT matchup, how did he get his army so strong so fast? Looks like we both started 1-1-1

Time

  • Played on: Oct. 26, 2024, 6:01 a.m.
  • Length: 12:04
Show
View Real Time Build Order
Export as new Build Order

azzy Terran 

Build Orders:  

Get SALT Encoding   

  12  0:00  SCV  
  13  0:12  SCV  
  14  0:18  Supply Depot  
  14  0:24  SCV  
  15  0:39  SCV  
  15  0:41  Barracks  
  16  0:46  Refinery  
  16  0:52  SCV  
  17  1:04  SCV  
  18  1:16  SCV  
  19  1:28  Barracks Reactor  
  19  1:30  Orbital Command  
  19  1:46  Command Center  
  19  1:58  Supply Depot  
  19  2:02  SCV  
  20  2:14  SCV, Factory  
  21  2:17  Marine  
  22  2:23  Marine  
  21  2:48  Marine x2  
  23  2:58  SCV  
  23  3:00  Factory Tech Lab  
  23  3:02  Starport  
  23  3:04  Refinery  
  24  3:12  Bunker  
  24  3:15  Orbital Command  
  24  3:18  SCV  
  25  3:22  Marine  
  25  3:23  Marine  
  27  3:33  SCV  
  28  3:35  Siege Tank  
  28  3:40  Marine x2  
  33  3:44  Supply Depot  
  33  3:48  SCV  
  34  3:50  SCV  
  34  3:55  Starport Reactor  
  35  4:00  Marine  
  35  4:01  Marine  
  35  4:02  SCV x2  
  39  4:10  Supply Depot  
  39  4:26  SCV  
  39  4:27  Marine x2  
  39  4:28  Barracks  
  43  4:32  Viking  
  43  4:33  Barracks  
  44  4:38  SCV  
  44  4:39  SCV  
  44  5:08  SCV  
  45  5:20  SCV x2, Barracks  
  45  5:21  Marine x2  
  48  5:22  Barracks  
  48  5:23  Liberator  
  46  5:57  SCV  
  46  5:59  SCV  
  48  6:08  Barracks Tech Lab  
  48  6:09  Barracks Tech Lab x2  
  48  6:15  Engineering Bay  
  48  6:19  SCV  
  48  6:20  SCV  
  49  6:29  Viking  
  49  6:30  Viking  
  53  6:35  SCV x2  
  55  6:41  Supply Depot  
  55  6:43  Terran Infantry Weapons Level 1  
  55  6:44  Supply Depot  
  55  6:45  Combat Shield, Stimpack  
  54  6:52  Missile Turret x2  
  54  6:56  Missile Turret  
  54  6:57  Missile Turret  
  54  7:07  Missile Turret  
  54  7:09  Missile Turret  
  54  7:11  Marine x2  
  54  7:12  Marine x2  
  54  7:14  Missile Turret  
  58  7:16  Missile Turret  
  58  7:20  Barracks Reactor  
  48  7:39  Marine x2  
  48  7:40  Marine  
  48  7:43  Siege Tank  
  54  7:47  Medivac  
  54  7:48  Medivac  
  54  7:49  SCV  
  59  8:01  SCV  
  59  8:02  Refinery  
  59  8:03  SCV  
  61  8:13  SCV  
  61  8:15  SCV, Siege Tank, Refinery, Supply Depot  
  66  8:23  Medivac x2  
  66  8:26  Marine  
  70  8:29  Marine  
  70  8:30  SCV  
  70  8:33  SCV  
  74  8:42  SCV  
  74  8:45  SCV  
  76  8:51  Marine x5  
  76  8:53  Medivac  
  76  8:55  SCV  
  84  8:57  SCV  
  85  9:08  SCV  
  86  9:13  Supply Depot  
  86  9:15  Supply Depot  
  86  9:35  SCV x2, Marine x2  
  86  9:37  Supply Depot, Marine  
  86  9:38  Marine x4  
  95  9:47  SCV x2  
  97  9:52  Marine x2  
  97  9:55  Marine  
  97  9:56  Marine x2  
  102  10:02  SCV  
  102  10:03  SCV  
  104  10:09  Marine x2, Siege Tank  
  104  10:10  Marine  
  110  10:17  Supply Depot  
  110  10:22  Supply Depot  
  110  10:38  SCV x2, Marine x6  
  110  10:42  Supply Depot  
  118  10:43  Siege Tank, Marine  
  118  10:45  Supply Depot  
  122  10:56  Marine x4  
  126  11:03  Marine x3  
  129  11:04  Supply Depot  
  129  11:09  Supply Depot  
  129  11:14  Marine  
  100  11:21  Marine  
  100  11:25  Siege Tank  
  68  11:27  Marine x2, Medivac x2  
  68  11:29  Marine  
  75  11:35  Marine x2  
  77  11:42  Marine x2  
Show
View Real Time Build Order
Export as new Build Order

MasterFunk Terran - Winner!

Build Orders:  

Get SALT Encoding   

  12  0:00  SCV  
  13  0:12  SCV  
  14  0:19  Supply Depot  
  14  0:24  SCV  
  15  0:40  SCV  
  15  0:41  Barracks  
  16  0:45  Refinery  
  16  0:54  SCV, Refinery  
  17  1:07  SCV  
  18  1:19  SCV  
  19  1:28  Reaper  
  19  1:29  Supply Depot  
  19  1:32  Orbital Command  
  20  1:46  Factory  
  20  1:57  SCV  
  20  2:00  Reaper  
  22  2:09  SCV  
  23  2:21  SCV  
  24  2:34  SCV  
  25  2:38  Starport, Command Center  
  25  2:58  SCV  
  24  3:00  Cyclone  
  26  3:06  Barracks Reactor  
  26  3:08  Supply Depot  
  26  3:10  SCV  
  27  3:15  Medivac  
  27  3:19  Refinery  
  29  3:25  SCV  
  30  3:32  Cyclone  
  32  3:37  SCV  
  33  3:42  Marine x2  
  33  3:47  Starport Tech Lab  
  35  3:49  SCV  
  35  3:52  Orbital Command  
  36  4:02  SCV, Marine x2  
  39  4:06  Factory Tech Lab  
  39  4:11  Raven  
  39  4:13  Interference Matrix  
  39  4:14  SCV  
  42  4:19  SCV  
  42  4:22  Marine  
  42  4:23  Marine  
  45  4:26  SCV  
  45  4:30  Supply Depot  
  46  4:31  SCV  
  46  4:35  Siege Tank  
  46  4:38  SCV  
  51  4:43  SCV  
  52  4:50  SCV  
  53  4:55  SCV  
  53  4:56  Marine x2  
  53  4:58  Raven  
  58  5:02  SCV  
  58  5:06  Barracks  
  59  5:07  Barracks  
  59  5:08  SCV, Engineering Bay  
  59  5:10  Engineering Bay  
  60  5:14  SCV, Marine  
  60  5:16  Supply Depot  
  60  5:20  SCV  
  63  5:21  Marine  
  63  5:26  SCV  
  65  5:33  SCV, Marine  
  65  5:34  Siege Tank  
  70  5:39  Marine  
  70  5:40  Supply Depot  
  71  5:50  Raven  
  71  5:51  Marine  
  71  5:52  Terran Infantry Armor Level 1, Terran Infantry Weapons Level 1  
  71  5:56  SCV, Refinery  
  75  5:57  Marine  
  75  5:58  SCV  
  75  6:01  Barracks Tech Lab x2  
  77  6:06  Siege Tank  
  77  6:09  Marine  
  81  6:12  SCV x2  
  81  6:15  Marine  
  81  6:16  Supply Depot  
  84  6:26  Marine  
  84  6:32  Marine  
  83  6:39  SCV x2  
  86  6:43  Combat Shield, Stimpack  
  86  6:44  Marine, Command Center  
  86  6:45  Marine x2  
  89  6:50  Marine  
  89  6:53  Supply Depot x2  
  90  7:02  Marine  
  90  7:03  Marine x2  
  90  7:08  Marine  
  93  7:12  Supply Depot  
  93  7:13  Supply Depot  
  93  7:14  Siege Tank  
  97  7:16  Supply Depot  
  97  7:18  Starport Reactor  
  97  7:20  Marine  
  97  7:21  Barracks, Marine, Marauder  
  101  7:26  Marine  
  101  7:28  Armory  
  98  7:34  SCV x2  
  98  7:38  Marine x2  
  98  7:42  Marine  
  98  7:44  Marine  
  102  7:56  Marine x2  
  102  7:57  Medivac x2  
  108  7:59  Factory  
  108  8:00  Marine  
  108  8:01  Marine  
  110  8:07  Siege Tank  
  110  8:08  Barracks  
  110  8:11  SCV x2  
  115  8:13  Marine  
  115  8:14  Marine  
  115  8:15  Barracks Reactor  
  115  8:17  Terran Infantry Weapons Level 2, Terran Infantry Armor Level 2  
  117  8:23  SCV x2, Marine x2  
  72  8:27  Viking, Medivac  
  121  8:29  Orbital Command  
  121  8:31  Marine  
  121  8:32  Marine  
  127  8:35  SCV, Refinery  
  127  8:41  Marine  
  129  8:43  Marine  
  129  8:44  Siege Tank  
  133  8:49  Marine  
  133  8:50  Marine  
  133  8:53  Marine  
  133  8:54  Marine  
  133  8:55  SCV x3  
  139  8:57  Viking  
  139  8:58  Supply Depot  
  139  8:59  Marine  
  139  9:01  Marine  
  144  9:05  Supply Depot  
  144  9:07  SCV x3  
  144  9:09  Marine x2  
  149  9:11  Marine  
  149  9:13  Barracks Reactor  
  149  9:14  Marine  
  149  9:16  Marine  
  152  9:19  Marauder  
  154  9:26  Marine  
  154  9:28  SCV x3, Marine, Supply Depot  
  154  9:29  Marine  
  160  9:32  Marine  
  161  9:39  Marine  
  161  9:40  SCV x2  
  161  9:41  Command Center  
  164  9:49  Command Center  
  164  9:50  Refinery  
  164  9:57  Marine, Missile Turret  
  164  9:58  Missile Turret  
  165  10:01  Supply Depot  
  165  10:08  Starport  
  165  10:14  Starport  
  165  10:17  Starport  
  165  10:18  Fusion Core  
  165  10:19  Marine x2  
  165  10:20  Marine x3  
  170  10:22  SCV, Marine  
  170  10:24  Supply Depot, Marine  
  173  10:34  Marine, Missile Turret  
  174  10:36  Missile Turret  
  174  10:37  Marine, Missile Turret  
  175  10:46  Supply Depot  
  175  10:48  Viking  
  177  10:50  Viking  
  177  10:55  Starport Reactor  
  179  10:58  Starport Reactor  
  179  11:03  SCV x3  
  182  11:10  Starport Reactor  
  162  11:24  Marine x3  
  162  11:25  Marauder x2, Medivac  
  159  11:26  Medivac  
  159  11:32  Marine x3  
  166  11:34  Medivac  
Tags
 
Composition
Bio Tank
Matchup
TvT
Race
Terran
Spawn Locations
Cross Positions
Add a new tag
Caveats
  • Supply blocks, unpowered buildings, or Contaminate may cause inaccurate times.
  • Supply counts are checked every 10 seconds.